 Dungeon Crawl Stone Soup version 0.29.1-15-g9cfb28693d (webtiles) character file.

Game seed: 13101871540720710742

100 leafyfresh the Sneak (level 4, -3/33 HPs)
             Began as an Octopode Delver on Apr 22, 2023.
             Was an Initiate of Ashenzari.
             Slain by an iguana (11 damage)
             ... on level 4 of the Dungeon.
             The game lasted 00:02:30 (2875 turns).

leafyfresh the Sneak (Octopode Delver)              Turns: 2875, Time: 00:02:32

Health: -3/33      AC:  1    Str: 11    XL:     4   Next: 74%
Magic:  4/4        EV: 14    Int: 14    God:    Ashenzari [......]
Gold:   176        SH:  0    Dex: 13    Spells: 3/3 levels left

rFire   . . .      SeeInvis .   k - +2 mace (protect)
rCold   . . .      Faith    .   (no shield)
rNeg    . . .      Spirit   .   (helmet restricted)
rPois   .          Reflect  .   (no amulet)
rElec   .          Harm     .   (no ring)
rCorr   .          Rampage  .   (no ring)
Will    .....                   (no ring)
Stlth   +++++.....              (no ring)
HPRegen 0.11/turn               (no ring)
MPRegen 0.09/turn               (no ring)
                                (no ring)
                                (no ring)

@: no status effects
A: almost no armour, amphibious, 8 rings, camouflage 1, gelatinous body 1,
(nimble swimmer 1), tentacles
a: Renounce Religion


You were on level 4 of the Dungeon.
You worshipped Ashenzari.
Ashenzari was noncommittal.
You visited 2 branches of the dungeon, and saw 6 of its levels.

You collected 176 gold pieces.

Inventory:

Hand Weapons
 a - a +0 short sword
 k - a +2 mace of protection (weapon)
Jewellery
 m - a +6 ring of intelligence
Wands
 f - a wand of digging (3)
Scrolls
 b - a scroll of fog
 c - a scroll of magic mapping
 d - a scroll of fear
 h - a scroll of brand weapon {unknown}
 i - 3 scrolls of identify {unknown}
 j - 2 scrolls of enchant weapon {unknown}
 n - a scroll of silence {unknown}
 o - a scroll of teleportation {unknown}
 p - a scroll of vulnerability {unknown}
Potions
 e - a potion of haste
 g - a potion of berserk rage {unknown}
 l - a potion of invisibility {unknown}
 q - a potion of might {unknown}


   Skills:
 + Level 3.9 Fighting
 - Level 2.0 Short Blades
 + Level 3.1 Dodging
 + Level 7.6 Stealth


You had 3 spell levels left.
You didn't know any spells.
Your spell library contained the following spells:

 Spells                   Type           Power      Damage    Failure   Level
 Malign Gateway           Summ/Tloc      0%         N/A       100%        7
 Summon Horrible Things   Summ           0%         N/A       100%        8


Dungeon Overview and Level Annotations

Branches:
Dungeon (5/15)             Temple (1/1) D:4

Altars:
Ashenzari
Dithmenos
Elyvilon
Fedhas
Hepliaklqana
Makhleb
Okawaru
Sif Muna
Uskayaw
Wu Jian
Yredelemnul
Zin
The Shining One

Annotations:
D:4 Grinder


Innate Abilities, Weirdness & Mutations

You cannot wear most types of armour.
You are amphibious.
You can wear up to eight rings at the same time.
Your skin changes colour to match your surroundings (Stealth+).
Your rubbery body absorbs attacks. (AC +1, EV +1)
((You are camouflaged when in or above water. (Stealth+)))
You have tentacles for arms and can constrict up to eight enemies at once.


Message History

You curl up in front of the altar of Ashenzari.
Ashenzari welcomes you!
Ashenzari warns you of distant threats and treasures.
Ashenzari reveals the structure of the dungeon to you.
Ashenzari shows you where magical portals lie.
There is a staircase back to the Dungeon here.
You can't go down here!
There are no items here.
You climb upwards.
Welcome back to the Dungeon!
Level annotation: Grinder
There is a staircase to the Ecumenical Temple here.
You now have 176 gold pieces (gained 6).
You open the door.
There is an open door here.
Found a stone staircase leading down.
No target in view!
Found 3 stones.
No target in view!
A ball python comes into view.
An endoplasm comes into view.
The endoplasm quivers.
There are monsters nearby!
A goblin comes into view. It is wielding a +0 dagger.
Found 19 gold pieces and an emerald potion.
The goblin shouts!
The ball python closely misses you. The ball python barely misses you.
The goblin unwields a +0 dagger.
The goblin wields a +0 sling.
The goblin shoots a sling bullet.
The sling bullet hits you. The ball python barely misses you. x2
The ball python barely misses you. x2
The iguana completely misses you. The ball python bites you.
The ball python grabs you. The ball python constricts you.
The ball python's grasp on you weakens, but your attempt to escape fails.
The ball python closely misses you. The ball python constricts you.
The iguana bites you!
You escape the ball python's grasp.
The iguana attacks as you move away! The iguana bites you!
* * * LOW HITPOINT WARNING * * *
You barely miss the iguana. You grab the iguana.
You constrict the iguana, but do no damage.
The iguana bites you!
You die...

#..h.... #.......
## ##..l.... ..
###........ #.
.......>... #.
###........ #.##
#........ #..#
#........ #@#
##.#..#... #l#
#.....###. #S####
#....#.. .
#....####......# .
###g..J......# ..
#...........##...
#......>..........
#$.................
..!..........####..


You could see an iguana and a ball python.

Vanquished Creatures
  5 adders
  4 dart slugs
  A worm (D:4)
  2 orcs (D:3)
  3 bats
  An endoplasm (D:2)
  2 goblins
  6 hobgoblins
  5 jackals
  A quokka (D:3)
  3 ball pythons
  5 frilled lizards
  3 kobolds (D:2)
  4 rats
45 creatures vanquished.

Notes
Turn   | Place    | Note
-------+----------+-------------------------------------------
     0 | D:5      | leafyfresh the Octopode Delver began the quest for the Orb.
     0 | D:5      | Reached XP level 1. HP: 16/16 MP: 1/1
     3 | D:5      | Identified the +2 leather armour of Context {Int+3}
     8 | D:5      | Noticed a gnoll bouda
    17 | D:5      | Noticed a hound
    20 | D:4      | Noticed a hound
    20 | D:4      | Noticed an iguana
    28 | D:4      | Noticed Grinder
    28 | D:4      | Paralysed by Grinder for 3 turns
   179 | D:3      | Reached XP level 2. HP: 5/21 MP: 2/2
   523 | D:3      | Reached skill level 7 in Stealth
   523 | D:3      | Reached XP level 3. HP: 26/26 MP: 3/3
   539 | D:3      | Found a blossoming altar of Fedhas.
  1758 | D:1      | Reached XP level 4. HP: 32/33 MP: 4/4
  2788 | D:4      | Found a staircase to the Ecumenical Temple.
  2797 | Temple   | Entered the Ecumenical Temple
  2831 | Temple   | Became a worshipper of Ashenzari the Shackled
  2875 | D:4      | Slain by an iguana

Illustrated notes

Levels and vault maps discovered:
D:1:      denvon_arrival_waterhouse, layout_basic
D:2:      layout_loops_cross
D:3:      layout_loops_cross, fedhas_altar_1
D:4:      layout_rooms, mainiacjoe_overflow_catwalk,
          nicolae_qazlal_style_of_elements, temple_green, uniq_grinder
D:5:      layout_cave_pools, serial_shops, nicolae_shop_hallway_plus,
          chequers_big_river
Temple:   cyrus_circular_temple

Skill      XL: |  1  2  3  4 |
---------------+-------------+-----
Stealth        | 7 |  7.6
Dodging        | 3 |  3.1
Fighting       | |  3.9
Short Blades   | |  2.0

Action                   |  1- 3 |  4- 6 || total
-------------------------+-------+-------++-------
Melee: Short sword       |    22 |       ||    22
       Constrict         |    10 |    12 ||    22
       Tentacles         |     6 |     8 ||    14
       Mace              |    26 |    29 ||    55
       Punch             |     2 |     1 ||     3
 Stab: Sleeping          |    12 |     6 ||    18
Armor: Skin              |     5 |    10 ||    15
Dodge: Dodged            |    29 |    27 ||    56
